Map: Winter's Gate LE

Players

Mez - Winner!

  • Race: Terran Terran
  • League: Master
  • Spawn Location: 5:00

Stukov

  • Race: Terran Terran
  • League: Diamond
  • Spawn Location: 11:00

VOD

Have the link to the VOD?

Description

Time

  • Played on: Aug. 30, 2019, 5:37 a.m.
  • Length: 10:25
Show
View Real Time Build Order
Export as new Build Order

Mez Terran - Winner!

Build Orders: Gas First Reaper Expand, Hellion Opening 

Get SALT Encoding   

  12  0:00  SCV  
  13  0:13  SCV  
  14  0:16  Supply Depot  
  14  0:25  SCV  
  14  0:27  Refinery  
  15  0:38  SCV  
  16  0:46  Barracks  
  16  0:51  SCV  
  17  1:03  SCV  
  18  1:16  SCV  
  19  1:33  Orbital Command, Reaper  
  20  1:45  Command Center  
  20  1:59  Factory  
  20  2:02  SCV  
  21  2:13  Supply Depot  
  21  2:14  SCV, Barracks Reactor  
  22  2:22  Refinery  
  22  2:26  SCV  
  23  2:45  Starport  
  23  2:48  SCV  
  24  2:57  Orbital Command  
  24  2:59  Hellion x2  
  24  3:00  Barracks Tech Lab  
  30  3:20  Marauder  
  30  3:21  Hellion x2  
  30  3:22  Concussive Shells  
  30  3:23  Medivac  
  30  3:25  SCV  
  37  3:28  SCV  
  38  3:36  Supply Depot  
  38  3:37  SCV  
  38  3:40  SCV  
  38  3:49  Hellion x2  
  38  3:50  Marauder  
  38  3:52  SCV  
  45  3:59  Viking  
  45  4:02  Supply Depot  
  47  4:04  SCV  
  47  4:08  SCV  
  49  4:16  SCV  
  50  4:20  SCV  
  51  4:28  SCV  
  51  4:31  Supply Depot, Starport Tech Lab  
  52  4:32  Marine x2, SCV  
  53  4:40  SCV  
  54  4:50  Marine  
  55  4:54  SCV x2  
  55  4:59  Cyclone  
  58  5:00  Marine, Raven  
  58  5:06  SCV x2  
  63  5:07  Marine  
  59  5:18  SCV x2  
  59  5:23  Barracks  
  59  5:25  Command Center, Barracks, Supply Depot  
  59  5:30  SCV x2  
  59  5:36  Refinery  
  59  5:38  Refinery  
  59  5:42  SCV x2  
  63  5:46  Barracks  
  63  5:47  Barracks  
  61  5:54  SCV  
  61  5:55  Medivac x2, Supply Depot  
  61  5:56  Siege Tank  
  69  5:59  SCV  
  70  6:06  SCV  
  70  6:07  Engineering Bay  
  70  6:10  Engineering Bay  
  71  6:11  SCV  
  71  6:14  Barracks Reactor x2  
  72  6:18  SCV  
  72  6:20  Supply Depot  
  72  6:22  Marine  
  72  6:24  Stimpack  
  74  6:33  Siege Tank  
  77  6:42  SCV x2  
  77  6:43  Barracks Reactor x2  
  79  6:53  Marine x5  
  84  6:55  Supply Depot  
  84  6:56  Viking  
  84  6:57  Viking  
  84  7:00  Supply Depot  
  88  7:03  SCV x2  
  84  7:11  Marine x3  
  84  7:13  Marine x2  
  84  7:15  Siege Tank  
  89  7:17  SCV x2  
  91  7:28  Marine  
  91  7:29  Marine x2  
  92  7:31  Marine  
  88  7:38  Marine x2  
  88  7:39  Marine x3  
  88  7:43  Orbital Command  
  88  7:44  SCV x2  
  85  7:46  Marine  
  85  7:47  Medivac x2  
  85  7:48  Siege Tank  
  85  7:49  Marine x3  
  96  7:53  Terran Infantry Armor Level 1, Terran Infantry Weapons Level 1  
  96  7:56  Marine x2  
  98  7:59  SCV x2  
  98  8:00  Refinery  
  98  8:03  Supply Depot  
  100  8:06  Supply Depot  
  100  8:14  Marine x7  
  100  8:15  Combat Shield  
  107  8:20  SCV x3  
  107  8:24  Refinery  
  110  8:28  Marine x2  
  110  8:32  Marine x2, Supply Depot x2  
  113  8:36  SCV x2  
  113  8:37  Marine x5, SCV  
  120  8:46  Marine x2  
  120  8:48  Viking x2  
  126  8:49  Marine  
  126  8:53  Marine  
  126  8:54  Marine, Siege Tank  
  126  8:55  Marine x3  
  135  8:58  Factory  
  131  9:11  Marine x4  
  131  9:13  SCV x3  
  138  9:24  Command Center  
  138  9:25  SCV  
  138  9:29  Marine x2  
  138  9:30  Marine x7  
  148  9:36  Hellion  
  115  9:47  Marine x6  
  115  9:48  Marine x3  
  118  9:55  Medivac x2  
  122  10:05  Marine x9  
  122  10:06  Armory  
  134  10:08  Factory Tech Lab  
Show
View Real Time Build Order
Export as new Build Order

Stukov Terran 

Build Orders: Cyclone Opening 

Get SALT Encoding   

  12  0:00  SCV  
  13  0:12  SCV  
  14  0:17  Supply Depot  
  14  0:24  SCV  
  14  0:28  Refinery  
  15  0:39  SCV  
  16  0:46  Barracks  
  16  0:51  SCV  
  17  1:03  SCV  
  18  1:15  SCV  
  19  1:27  SCV  
  20  1:34  Factory  
  20  1:39  Orbital Command  
  20  1:47  Reaper  
  21  2:05  SCV  
  22  2:09  Command Center  
  22  2:14  Refinery  
  22  2:20  Reaper  
  22  2:22  Factory Tech Lab  
  23  2:23  Supply Depot  
  23  2:44  SCV  
  23  2:46  Cyclone  
  23  2:48  Supply Depot  
  27  2:55  Barracks Tech Lab  
  27  3:00  SCV  
  28  3:12  SCV  
  29  3:14  Starport  
  29  3:17  Marine  
  30  3:24  SCV  
  31  3:27  Stimpack  
  31  3:31  Orbital Command  
  31  3:36  Supply Depot  
  31  3:37  SCV  
  30  3:49  Marine  
  30  3:50  Siege Tank  
  34  3:59  Refinery  
  34  4:00  SCV  
  34  4:01  SCV  
  36  4:05  Viking  
  38  4:13  SCV x2  
  38  4:15  Marine  
  41  4:21  Barracks  
  41  4:26  Barracks, SCV x2  
  41  4:30  Siege Tank  
  43  4:44  Marine  
  30  5:02  Marine, Siege Tank  
  30  5:03  SCV  
  30  5:15  SCV  
  30  5:17  Barracks Reactor  
  30  5:18  Barracks Reactor  
  31  5:23  SCV  
  31  5:24  Viking  
  34  5:32  Marine  
  34  5:34  SCV  
  35  5:35  SCV  
  36  5:43  Siege Tank  
  36  5:46  SCV  
  36  5:47  SCV  
  41  5:52  Command Center  
  41  5:53  Marine  
  41  5:54  Marine  
  41  5:55  Marine  
  41  5:57  Marine  
  44  5:59  Marine  
  44  6:01  SCV  
  44  6:03  SCV  
  50  6:13  SCV  
  50  6:14  Marine x3  
  50  6:15  SCV  
  50  6:16  Viking  
  55  6:25  Siege Tank, SCV  
  59  6:27  SCV  
  59  6:31  Marine x2  
  62  6:36  Supply Depot  
  62  6:39  Combat Shield, Supply Depot  
  62  6:57  Marine x5, SCV x2  
  69  7:14  Siege Tank  
  69  7:15  Marine x2  
  72  7:18  Marine x2  
  72  7:19  Marine  
  64  7:44  Marine  
  66  7:52  Marine x2  
  66  7:53  Orbital Command  
  66  7:54  SCV x2  
  70  8:04  Marine  
  70  8:05  Siege Tank, Barracks  
  72  8:08  Barracks  
  72  8:09  Marine  
  72  8:11  Marine  
  74  8:13  Barracks Reactor  
  74  8:16  Medivac x2  
  79  8:20  SCV x2  
  79  8:21  SCV  
  79  8:22  Refinery  
  79  8:24  Marine  
  82  8:27  Marine  
  82  8:28  Engineering Bay  
  82  8:29  Engineering Bay  
  80  8:39  Marine  
  81  8:42  Marine  
  81  8:43  Siege Tank  
  81  8:45  Marine, SCV x3  
  89  8:53  Orbital Command  
  85  9:00  Marine x2  
  85  9:01  Marine  
  86  9:03  Barracks Reactor x2  
  86  9:09  SCV x2  
  88  9:16  Marine x2  
  90  9:18  Viking  
  92  9:24  Viking  
  94  9:44  Marine x8  
  94  9:45  Marine  
  63  9:56  SCV x2  
  65  10:01  Marine  
  65  10:02  Marine x4  
  65  10:03  Marine x2  
  65  10:04  Marine x2  
  77  10:08  SCV  
  77  10:11  SCV  
Tags
 
Add a new tag
Caveats
  • Supply blocks, unpowered buildings, or Contaminate may cause inaccurate times.
  • Supply counts are checked every 10 seconds.